 Dungeon Crawl Stone Soup version 0.27.0-1-g7a089689b8 (webtiles) character file.

Game seed: 13554156935756809323

2104 RepHenryClay the Insei (level 9, -2/80 HPs)
             Began as a Gnoll Transmuter on Aug 5, 2021.
             Was a Believer of Okawaru.
             Slain by a water moccasin (7 damage)
             ... on level 6 of the Dungeon.
             The game lasted 00:11:56 (7111 turns).

RepHenryClay the Insei (Gnoll Transmuter)           Turns: 7111, Time: 00:11:56

Health: -2/80      AC:  6    Str: 16    XL:     9   Next: 28%
Magic:  14/18      EV: 12    Int: 12    God:    Okawaru [**....]
Gold:   177        SH:  0    Dex: 16    Spells: 12/21 levels left

rFire    x . .     SeeInvis .     - Unarmed
rCold    + + +     Faith    .   (shield currently unavailable)
rNeg     . . .     Spirit   .   (armour currently unavailable)
rPois    +         Reflect  .   (helmet currently unavailable)
rElec    .         Harm     .   (cloak currently unavailable)
rCorr    .         Rampage  .   (gloves currently unavailable)
Will     .....                  (boots currently unavailable)
Stlth    +++.......             (no amulet)
HPRegen  0.23/turn              p - +6 ring of strength
MPRegen  0.16/turn              (no ring)

@: ice-form
A: freezing attack, amphibious, boosted hp, large, (fangs 1), strong nose,
distributed training
a: End Transformation, Renounce Religion, Heroism


You were on level 6 of the Dungeon.
You worshipped Okawaru.
Okawaru was pleased with you.
You were a creature of crystalline ice.
You visited 2 branches of the dungeon, and saw 8 of its levels.

You collected 273 gold pieces.
You spent 96 gold pieces at shops.

Inventory:

Missiles
 l - 2 throwing nets
Armour
 a - a +0 robe (melded)
 s - a +2 cloak (melded)
Magical Staves
 h - a staff of poison
Jewellery
 p - a +6 ring of strength (left front paw)
Scrolls
 d - a scroll of blinking {unknown}
 e - a scroll of identify
 g - 4 scrolls of teleportation
 k - 3 scrolls of brand weapon {unknown}
 q - a scroll of enchant armour
 u - a scroll of noise {unknown}
 x - a scroll of holy word {unknown}
 y - a scroll of summoning {unknown}
 z - a scroll of vulnerability {unknown}
 A - a scroll of fear {unknown}
Potions
 b - a potion of ambrosia {unknown}
 c - 2 potions of curing
 f - a potion of cancellation {unknown}
 j - a potion of brilliance {unknown}
 m - a potion of berserk rage {unknown}
 n - a potion of might {unknown}
 o - a potion of flight {unknown}
 r - a potion of mutation {unknown}
 v - a potion of haste {unknown}
 B - a potion of lignification {unknown}


   Skills:
 + Level 4.9 Fighting
 + Level 4.1 Short Blades
 + Level 4.1 Long Blades
 + Level 4.1 Axes
 + Level 4.1 Maces & Flails
 + Level 4.1 Polearms
 + Level 4.1 Staves
 + Level 4.1 Slings
 + Level 4.1 Bows
 + Level 4.1 Crossbows
 + Level 4.1 Throwing
 + Level 4.1 Armour
 + Level 6.2 Dodging
 + Level 4.1 Stealth
 + Level 4.1 Shields
 + Level 7.8 Unarmed Combat
 + Level 6.5 Spellcasting
 + Level 3.3 Conjurations
 + Level 3.3 Hexes
 + Level 3.3 Summonings
 + Level 3.3 Necromancy
 + Level 3.3 Translocations
 + Level 5.1 Transmutations
 + Level 3.3 Fire Magic
 + Level 3.3 Ice Magic
 + Level 3.3 Air Magic
 + Level 3.3 Earth Magic
 + Level 3.3 Poison Magic
 + Level 4.5 Invocations
 + Level 4.1 Evocations


You had 12 spell levels left.
You knew the following spells:

 Your Spells              Type           Power      Damage    Failure   Level
a - Spider Form           Tmut/Pois      7%         N/A       9%          3
b - Wereblood             Tmut           16%        N/A       3%          2
d - Ice Form              Ice/Tmut       14%        N/A       30%         4

Your spell library contained the following spells:

 Spells                   Type           Power      Damage    Failure   Level
 Beastly Appendage        Tmut           32%        N/A       1%          1


Dungeon Overview and Level Annotations

Branches:
Dungeon (7/15)             Temple (1/1) D:5

Altars:
Cheibriados
Dithmenos
Fedhas
Gozag
Hepliaklqana
Kikubaaqudgha
Makhleb
Nemelex Xobeh
Okawaru
Qazlal
Ru
Sif Muna
Uskayaw
Vehumet
Wu Jian
Xom
Zin
The Shining One
Beogh

Shops:
D:2 *

Annotations:
D:4 3 runed translucent doors, fiver49's ghost, amateur FoWr


Innate Abilities, Weirdness & Mutations

You are a creature of crystalline ice.
You have a powerful freezing melee attack.
You are amphibious.
Your maximum health is increased.
Your armour is entirely melded.
You are incapable of wielding weapons or throwing items.
((You have very sharp teeth.))
Your uncanny sense of smell can sniff out nearby items.
Your experience applies equally to all skills.


Message History

Casting: Spider Form (dangerous; 22% risk of failure)
Confirm with . or Enter, or press ? or * to list all spells.
The spell is quite dangerous to cast (52% risk of failure)!
Continue anyway?
Your transformation has ended.
Your +2 cloak unmelds from your body.
Your +0 robe unmelds from your body.
You turn into a creature of crystalline ice.
Your +2 cloak melds into your body.
Your +0 robe melds into your body.
The orc warrior hits you with a +2 long sword of holy wrath!
The water moccasin barely misses you.
The orc priest hits you with a +0 flail!
* * * LOW HITPOINT WARNING * * *
You feel much better.
The water moccasin bites you but does no damage.
The orc warrior hits you with a +2 long sword of holy wrath!
The orc priest barely misses you.
You hit the water moccasin but do no damage.
The water moccasin is moderately wounded.
The water moccasin bites you but does no damage.
The orc warrior hits you with a +2 long sword of holy wrath!
* * * LOW HITPOINT WARNING * * *
Okay, then.
As you read the scroll labelled SOUDEDA POCK, it crumbles to dust.
It is a scroll of identify.
q - a scroll of enchant armour The water moccasin barely misses you.
The orc priest calls down the wrath of Beogh upon you.
Pain shoots through your body!
* * * LOW HITPOINT WARNING * * *
The orc warrior barely misses you. The water moccasin closely misses you.
As you read the scroll labelled ATAILLUT GOEM, it crumbles to dust.
The creatures around you are filled with an inner flame!
It was a scroll of immolation.
The orc priest miscasts a cantrip.
The water moccasin closely misses you. The orc warrior barely misses you.
As you read the scroll labelled SIS EDATOITA, it crumbles to dust.
It is a scroll of amnesia.
Forget Beastly Appendage, freeing 1 spell level for a total of 12?
Your memory of Beastly Appendage unravels.
The water moccasin bites you!
You die...

####### #.....# #####
#.....# #...# #.....#
######...#######S####
...............oYo..#
#####.......#########
#####.......#
....#.......#
###.........#
#..#.......#
##..........#
.....(......#
#...........#######


You could see an orc warrior (inner flame), a water moccasin (inner flame) and
an orc priest (inner flame).

Vanquished Creatures
  Grinder (D:4)
  A steam dragon (D:6)
  A water moccasin (D:5)
  Duvessa (D:6)
  2 orc warriors (D:6)
  A black bear (D:6)
  2 ogres
  Blork the orc (D:6)
  3 scorpions
  Dowan (D:6)
  2 water moccasin skeletons
  3 killer bees
  A crimson imp (D:4)
  2 howler monkeys
  A hound (D:5)
  A bullfrog skeleton (D:5)
  2 jellies
  An orc priest (D:6)
  Crazy Yiuf (D:4)
  An iguana (D:5)
  2 orc wizards (D:5)
  A hound skeleton (D:3)
  3 gnolls (D:6)
  4 adders
  A shadow imp (D:5)
  3 white imps
  2 ufetubi
  2 adder skeletons (D:3)
  5 worms
  3 dart slugs
  23 orcs
  3 endoplasms
  2 giant cockroaches (D:3)
  3 goblins (D:4)
  5 hobgoblins
  15 jackals
  7 kobolds
  3 quokkas
  3 ball pythons
  3 ball python zombies (D:3)
  3 bats (D:1)
  A giant cockroach zombie (D:3)
  3 goblin skeletons (D:4)
  A goblin zombie (D:4)
  3 hobgoblin zombies (D:4)
  A jackal skeleton (D:3)
  2 kobold skeletons (D:4)
  A kobold zombie (D:4)
  An orc skeleton (D:4)
  An orc zombie (D:4)
  A quokka skeleton (D:3)
  A quokka zombie (D:3)
  4 rats
145 creatures vanquished.

Vanquished Creatures (others)
  3 fungi (D:4)
  2 withered plants (D:3)
5 creatures vanquished.

Grand Total: 150 creatures vanquished

Notes
Turn   | Place    | Note
-------+----------+-------------------------------------------
     0 | D:1      | RepHenryClay the Gnoll Transmuter began the quest for the
                  | Orb.
     0 | D:1      | Reached XP level 1. HP: 17/17 MP: 6/6
   443 | D:1      | Reached XP level 2. HP: 23/23 MP: 7/7
  1073 | D:2      | Learned a level 2 spell: Wereblood
  1089 | D:2      | Found Foizouno's General Store.
  1101 | D:2      | Bought a potion of heal wounds for 60 gold pieces
  1114 | D:2      | Bought a scroll of teleportation for 36 gold pieces
  1695 | D:2      | Reached XP level 3. HP: 28/28 MP: 7/9
  1699 | D:2      | Learned a level 3 spell: Spider Form
  1752 | D:2      | Reached skill level 5 in Spellcasting
  2144 | D:3      | Reached skill level 1 in Invocations
  2166 | D:3      | Reached skill level 1 in Short Blades
  2166 | D:3      | Reached skill level 1 in Long Blades
  2166 | D:3      | Reached skill level 1 in Axes
  2166 | D:3      | Reached skill level 1 in Maces & Flails
  2166 | D:3      | Reached skill level 1 in Polearms
  2166 | D:3      | Reached skill level 1 in Staves
  2166 | D:3      | Reached skill level 1 in Slings
  2166 | D:3      | Reached skill level 1 in Bows
  2166 | D:3      | Reached skill level 1 in Crossbows
  2166 | D:3      | Reached skill level 1 in Throwing
  2166 | D:3      | Reached skill level 1 in Armour
  2166 | D:3      | Reached skill level 1 in Stealth
  2166 | D:3      | Reached skill level 1 in Shields
  2166 | D:3      | Reached skill level 1 in Evocations
  2530 | D:3      | Found a hide-covered altar of Uskayaw.
  2542 | D:3      | Reached XP level 4. HP: 34/34 MP: 7/11
  2592 | D:3      | Found a faded altar of an unknown god.
  2948 | D:4      | Noticed a scorpion
  2955 | D:4      | Reached skill level 1 in Conjurations
  2955 | D:4      | Reached skill level 1 in Hexes
  2955 | D:4      | Reached skill level 1 in Summonings
  2955 | D:4      | Reached skill level 1 in Necromancy
  2955 | D:4      | Reached skill level 1 in Translocations
  2955 | D:4      | Reached skill level 1 in Fire Magic
  2955 | D:4      | Reached skill level 1 in Ice Magic
  2955 | D:4      | Reached skill level 1 in Air Magic
  2955 | D:4      | Reached skill level 1 in Earth Magic
  2955 | D:4      | Reached skill level 1 in Poison Magic
  2958 | D:4      | Killed a scorpion
  2959 | D:4      | Reached XP level 5. HP: 18/40 MP: 9/12
  3429 | D:4      | Found a runed translucent gate.
  3429 | D:4      | Found a runed translucent gate.
  3430 | D:4      | Found a runed translucent gate.
  3430 | D:4      | Noticed fiver49's ghost (amateur FoWr)
  3510 | D:4      | Found a hazy altar of Hepliaklqana.
  3544 | D:4      | Found a glowing golden altar of the Shining One.
  3601 | D:4      | Found a burning altar of Makhleb.
  3607 | D:4      | Noticed Grinder
  3621 | D:4      | Killed Grinder
  3622 | D:4      | Reached skill level 5 in Dodging
  3622 | D:4      | Reached XP level 6. HP: 17/47 MP: 11/14
  4119 | D:4      | Reached XP level 7. HP: 42/52 MP: 13/15
  4126 | D:4      | Reached skill level 7 in Unarmed Combat
  4341 | D:4      | Found a runed translucent door.
  4342 | D:4      | Noticed Crazy Yiuf
  4380 | D:4      | Found a sacrificial altar of Ru.
  4547 | D:4      | Killed Crazy Yiuf
  4611 | D:5      | Entered Level 5 of the Dungeon
  4619 | D:4      | Learned a level 4 spell: Ice Form
  5141 | D:5      | Found a staircase to the Ecumenical Temple.
  5152 | Temple   | Entered the Ecumenical Temple
  5249 | Temple   | Became a worshipper of Warmaster Okawaru
  5279 | D:5      | Reached XP level 8. HP: 60/60 MP: 12/16
  5942 | D:5      | Found a shadowy altar of Dithmenos.
  6073 | D:6      | Reached * piety under Okawaru
  6421 | D:6      | Reached skill level 5 in Transmutations
  6421 | D:6      | Reached XP level 9. HP: 43/66 MP: 12/18
  6666 | D:6      | Noticed Blork the orc
  6667 | D:6      | Noticed Dowan
  6686 | D:6      | Killed Blork the orc
  6691 | D:6      | Killed Dowan
  6696 | D:6      | Noticed Duvessa
  6709 | D:6      | Killed Duvessa
  6709 | D:6      | Reached ** piety under Okawaru
  7111 | D:6      | Slain by a water moccasin

Illustrated notes

Levels and vault maps discovered:
D:1:      kennysheep_arrival_seaside, layout_basic
D:2:      layout_loops_cross, serial_shops, shop_coins, due_unseen_surprise
D:3:      layout_loops_ring, mainiacjoe_overflow_24_doors, serial_undead,
          serial_undead_a, serial_undead_b, serial_undead_e, serial_undead_c,
          serial_undead_c, serial_undead_e, serial_undead_d, serial_undead_b,
          ebering_ecumenical_altar_petrified, chequers_jeans
D:4:      layout_rooms, kennysheep_little_box, nicolae_tso_besieged_by_evil,
          mainiacjoe_overflow_catch_the_wave, biasface_ghost_orc_armoury,
          wad_floor_pattern_untrapped, st_stairs_13, uniq_crazy_yiuf_cottage,
          uniq_grinder
D:5:      layout_loops_ring, grunt_dithmenos_shadows, minmay_temple_entry_mist
D:6:      layout_basic, uniq_duvessa, uniq_blork_the_orc
D:7:      layout_basic, uniq_menkaure
Temple:   nicolae_temple_hex_pool

Skill      XL: |  1  2  3  4  5  6  7  8  9 |
---------------+----------------------------+-----
Spellcasting   | 5 6 |  6.5
Invocations    | 1 2 3 4 |  4.5
Short Blades   | 1 2 3 4 |  4.1
Long Blades    | 1 2 3 4 |  4.1
Axes           | 1 2 3 4 |  4.1
Maces & Flails | 1 2 3 4 |  4.1
Polearms       | 1 2 3 4 |  4.1
Staves         | 1 2 3 4 |  4.1
Slings         | 1 2 3 4 |  4.1
Bows           | 1 2 3 4 |  4.1
Crossbows      | 1 2 3 4 |  4.1
Throwing       | 1 2 3 4 |  4.1
Armour         | 1 2 3 4 |  4.1
Stealth        | 1 2 3 4 |  4.1
Shields        | 1 2 3 4 |  4.1
Evocations     | 1 2 3 4 |  4.1
Conjurations   | 1 2 3 |  3.3
Hexes          | 1 2 3 |  3.3
Summonings     | 1 2 3 |  3.3
Necromancy     | 1 2 3 |  3.3
Translocations | 1 2 3 |  3.3
Fire Magic     | 1 2 3 |  3.3
Ice Magic      | 1 2 3 |  3.3
Air Magic      | 1 2 3 |  3.3
Earth Magic    | 1 2 3 |  3.3
Poison Magic   | 1 2 3 |  3.3
Fighting       | 3 4 |  4.9
Transmutations | 4 5 |  5.1
Dodging        | 5 6 |  6.2
Unarmed Combat | 7 |  7.8

Action                   |  1- 3 |  4- 6 |  7- 9 || total
-------------------------+-------+-------+-------++-------
Melee: Unarmed           |   104 |   126 |   184 ||   414
       Bite              |     6 |     4 |       ||    10
       Kick              |     6 |       |       ||     6
       Headbutt          |     3 |       |       ||     3
       Punch             |     1 |       |       ||     1
 Cast: Beastly Appendage |     5 |       |       ||     5
       Spider Form       |     5 |    14 |    23 ||    42
       Ice Form          |       |       |     4 ||     4
Invok: Heroism           |       |       |     2 ||     2
 Abil: End Transformatio |       |     1 |     4 ||     5
  Use: Potion            |       |       |     4 ||     4
       Scroll            |       |       |     3 ||     3
 Stab: Sleeping          |     2 |     1 |     3 ||     6
       Distracted        |       |     1 |       ||     1
Armor: Robe              |    12 |     5 |     1 ||    18
       Skin              |       |     6 |    13 ||    19
Dodge: Dodged            |    59 |   107 |   152 ||   318
